 Dungeon Crawl Stone Soup version 0.31.0-1-g2c135a0 (webtiles) character file.

Game seed: 5667349711344649036

104 jagoly the Vexing (level 4, -14/36 HPs)
             Began as an Armataur Hexslinger on Jan 20, 2024.
             Demolished by an ogre
             ... wielding a +0 giant club
              (16 damage)
             ... on level 6 of the Dungeon.
             The game lasted 00:18:58 (2961 turns).

jagoly the Vexing (Armataur Hexslinger)             Turns: 2961, Time: 00:18:58

Health: -14/36     AC:  6    Str: 15    XL:     4   Next: 52%
Magic:  5/5        EV: 10    Int: 14    God:
Gold:   164        SH:  0    Dex: 12    Spells: 5/5 levels left

rFire   . . .        l - +4 short sword
rCold   . . .        (no shield)
rNeg    + . .        c - +0 robe
rPois   .            p - +0 helmet
rElec   .            n - +0 cloak
rCorr   .            (no gloves)
SInv    .            (no barding)
Will    .....        (no amulet)
Stlth   ++           i - ring of positive energy
HPRegen 0.26/turn    (no ring)
MPRegen 0.09/turn

%: roll
@: about to teleport
A: large, deformed body, tough skin 3, armoured tail, roll 1
a: no special abilities


You were on level 6 of the Dungeon.
You visited 1 branch of the dungeon, and saw 6 of its levels.

You collected 164 gold pieces.

Inventory:

Hand Weapons
 a - a +1 sling
 l - a +4 short sword (weapon)
 q - a +0 war axe of venom
Missiles
 d - 4 poisoned darts
 e - 23 stones
 w - 5 curare-tipped darts
Armour
 c - a +0 robe (worn)
 h - a +0 chain mail
 n - a +0 cloak (worn)
 p - a +0 helmet (worn)
 v - a +0 ring mail
Jewellery
 i - a ring of positive energy (left hand)
Wands
 u - a wand of flame (10)
Scrolls
 b - a scroll of poison
 k - a scroll of vulnerability {unknown}
 m - 2 scrolls of brand weapon
 r - a scroll of immolation {unknown}
 s - 2 scrolls of blinking {unknown}
Potions
 f - 2 potions of degeneration {unknown}
 g - 3 potions of mutation
 j - 2 potions of magic
 x - 2 potions of attraction


   Skills:
 - Level 2.2 Fighting
 - Level 2.0 Ranged Weapons
 - Level 1.2 Throwing
 * Level 0.0 Armour
 - Level 2.0 Dodging
 - Level 2.0 Stealth
 - Level 1.0 Spellcasting
 - Level 2.6 Hexes
 - Level 0.8 Fire Magic


You had 5 spell levels left.
You didn't know any spells.
Your spell library contained the following spells:

 Spells                   Type           Power      Damage    Failure   Level
 Jinxbite                 Hex            16%        N/A       13%         2
 Sigil of Binding         Hex            8%         N/A       26%         3
 Tukima's Dance           Hex            8%         N/A       26%         3
 Inner Flame              Hex/Fire       5%         N/A       36%         3
 Cause Fear               Hex            4%         N/A       65%         4
 Dimensional Bullseye     Hex/Tloc       2%         N/A       83%         4
 Passage of Golubria      Tloc           0%         N/A       95%         4
 Yara's Violent Unravell  Hex/Alch       2%         3d3       99%         5


Dungeon Overview and Level Annotations

Branches:
Dungeon (7/15) Zot: 26972
 Temple: D:4-7

Altars:

Shops:
D:4 :


Innate Abilities, Weirdness & Mutations

Armour fits poorly on your strangely shaped body.
You have extremely tough skin. (AC +3)
You have a long armoured tail.
You regenerate magic when rolling toward enemies. (Rampage MPRegen)


Message History

Unknown command.
You see here 5 curare-tipped darts.
w - 5 curare-tipped darts As you open the door, it creaks loudly!
You hear a shout!
You hear a loud squeak.
As you open the door, it creaks loudly!
Search for what [Enter for "weap", or ? for help]? throw
There is an open door here.
A goblin comes into view. It is wielding a +0 dagger of venom.
A rat comes into view.
You shoot a sling bullet.
The sling bullet barely misses the goblin.
You shoot a sling bullet.
The sling bullet barely misses the goblin.
The goblin hits you but does no damage.
You shoot a sling bullet. The sling bullet hits the goblin.
You kill the goblin!
You have reached level 4!
You feel clever.
You shoot a sling bullet. The sling bullet hits the rat.
The rat is heavily wounded.
You shoot a sling bullet. The sling bullet hits the rat.
You kill the rat!
No target in view!
You see here a +0 dagger of venom.
Found a leather armour.
Found a robe.
Found a robe.
Found a mace.
You now have 90 gold pieces (gained 7).
A giant cockroach comes into view.
You shoot a sling bullet.
The sling bullet hits the giant cockroach.
The giant cockroach is severely wounded.
You shoot a sling bullet.
The sling bullet hits the giant cockroach but does no damage.
The giant cockroach is severely wounded.
You shoot a sling bullet.
The sling bullet barely misses the giant cockroach.
The giant cockroach waves its antennae.
You shoot a sling bullet.
The sling bullet hits the giant cockroach.
You kill the giant cockroach!
Key pressed, stopping explore.
No target in view!
A hobgoblin comes into view.
You shoot a sling bullet. The sling bullet hits the hobgoblin.
The hobgoblin shouts!
The hobgoblin is almost dead.
You shoot a sling bullet.
The sling bullet barely misses the hobgoblin.
No target in view!
The hobgoblin barely misses you.
You shoot a sling bullet. The sling bullet hits the hobgoblin.
You kill the hobgoblin!
A bat comes into view.
You shoot a sling bullet.
The sling bullet closely misses the bat.
You shoot a sling bullet.
The sling bullet closely misses the bat.
The bat barely misses you.
You shoot a sling bullet. The sling bullet barely misses the bat.
The bat hits you.
You shoot a sling bullet. The sling bullet misses the bat.
The bat hits you but does no damage.
You shoot a sling bullet.
The sling bullet closely misses the bat.
The bat closely misses you.
You shoot a sling bullet. The sling bullet misses the bat.
The bat hits you. The bat hits you but does no damage.
The bat closely misses you.
You shoot a sling bullet. The sling bullet hits the bat.
The bat is moderately wounded.
The bat hits you. The bat closely misses you.
You shoot a sling bullet.
The sling bullet closely misses the bat.
The bat barely misses you.
You shoot a sling bullet. The sling bullet hits the bat.
The bat is heavily wounded.
The bat completely misses you. The bat hits you but does no damage.
The bat closely misses you.
You shoot a sling bullet. The sling bullet misses the bat.
The bat barely misses you. x2
You shoot a sling bullet.
The sling bullet completely misses the bat.
The bat hits you but does no damage.
You shoot a sling bullet. The sling bullet barely misses the bat.
The bat barely misses you. The bat hits you but does no damage.
You shoot a sling bullet. The sling bullet misses the bat.
The bat hits you but does no damage. The bat barely misses you.
You shoot a sling bullet. The sling bullet barely misses the bat.
The bat hits you but does no damage. The bat misses you.
The bat hits you but does no damage.
You shoot a sling bullet. The sling bullet barely misses the bat.
The bat barely misses you.
You shoot a sling bullet.
The sling bullet closely misses the bat.
The bat hits you but does no damage.
You shoot a sling bullet. The sling bullet hits the bat.
You kill the bat!
No target in view!
No target in view!
m - 2 scrolls labelled HIPRAL MIOSAAR (gained 1) Done exploring.
Done exploring.
You open the door.
There is an open door here.
There is a stone staircase leading down here.
You climb downwards.
There is a stone staircase leading up here.
There is a stone staircase leading down here.
You climb downwards.
You hear the sound of rushing water.
There is an entrance to a sewer on this level.
Hurry and find it before the portal rusts away!
There is a stone staircase leading up here.
As you read the scroll labelled GOABINTE ONIDI, it crumbles to dust.
It is a scroll of identify.
m - 2 scrolls of brand weapon
As you read the scroll of identify, it crumbles to dust.
j - 2 potions of magic
As you read the scroll of identify, it crumbles to dust.
g - 2 potions of mutation
There is a stone staircase leading up here.
Found 3 stones.
e - 23 stones (gained 3)
Found a potion of mutation.
A ribbon worm comes into view.
You shoot a sling bullet. The sling bullet hits the ribbon worm.
The ribbon worm is lightly wounded.
You shoot a sling bullet. The sling bullet hits the ribbon worm.
The ribbon worm is lightly wounded.
You shoot a sling bullet. The sling bullet hits the ribbon worm.
The ribbon worm is moderately wounded.
The ribbon worm barely misses you.
You shoot a sling bullet.
The sling bullet barely misses the ribbon worm.
The ribbon worm expels a string of sticky webbing.
The stream of webbing hits you but does no damage.
You are caught in a web!
The web tears apart.
You shoot a sling bullet. The sling bullet hits the ribbon worm.
The ribbon worm is heavily wounded.
The ribbon worm expels a string of sticky webbing.
The stream of webbing hits you but does no damage.
You are caught in a web!
The web tears apart.
The ribbon worm bites you but does no damage.
You shoot a sling bullet.
The sling bullet barely misses the ribbon worm.
The ribbon worm bites you but does no damage.
You shoot a sling bullet. The sling bullet hits the ribbon worm.
The ribbon worm is moderately wounded.
The ribbon worm closely misses you.
You shoot a sling bullet. The sling bullet hits the ribbon worm.
The ribbon worm is heavily wounded.
The ribbon worm bites you.
You shoot a sling bullet.
The sling bullet barely misses the ribbon worm.
The ribbon worm bites you.
You shoot a sling bullet.
The sling bullet hits the ribbon worm but does no damage.
The ribbon worm is heavily wounded.
The ribbon worm bites you.
You shoot a sling bullet. The sling bullet hits the ribbon worm.
The ribbon worm is severely wounded.
The ribbon worm bites you.
* * * LOW HITPOINT WARNING * * *
You are too injured to fight recklessly!
Fire: a) +1 sling
Press: ? - help, Shift-Dir - straight line, f/p - ribbon worm
Aim: a ribbon worm (severely wounded, 77% to hit)
You shoot a sling bullet.
The sling bullet barely misses the ribbon worm.
The ribbon worm barely misses you.
Fire: a) +1 sling
Press: ? - help, Shift-Dir - straight line, f/p - ribbon worm
Aim: a ribbon worm (heavily wounded, 77% to hit)
You shoot a sling bullet. The sling bullet hits the ribbon worm.
The ribbon worm is almost dead.
The ribbon worm closely misses you.
Fire: a) +1 sling
Press: ? - help, Shift-Dir - straight line, f/p - ribbon worm
Aim: a ribbon worm (severely wounded, 77% to hit)
You shoot a sling bullet. The sling bullet hits the ribbon worm.
You kill the ribbon worm!
Found a pair of boots.
g - 3 potions of mutation (gained 1)
You hear the slow rusting of a very distant drain.
Found a stone staircase leading down.
Found a blue potion.
x - a blue potion
Found a dagger.
Found a blue potion.
Found 10 gold pieces.
Found 11 gold pieces.
x - 2 blue potions (gained 1)
You hear the slow rusting of a drain nearby.
As you read the scroll of identify, it crumbles to dust.
x - 2 potions of attraction HP restored.
You now have 101 gold pieces (gained 11).
Found a scroll labelled LANURPH YNNOH.
A hobgoblin comes into view.
A hobgoblin is nearby!
You shoot a sling bullet.
The sling bullet hits the hobgoblin but does no damage.
The hobgoblin shouts!
You shoot a sling bullet. The sling bullet hits the hobgoblin.
The hobgoblin is severely wounded.
You hear the slow rusting of a drain nearby.
A sleepcap comes into view.
Okay, then.
Press: ? - help, v - describe, . - travel The floor.
Press: ? - help, v - describe, . - travel
Here: a sleepcap The floor.
Unknown command.
Okay, then.
Okay, then.
Your movement speed is average.
Your attack delay is about 1.3.
Your damage rating with your +1 sling is about 8 (Base 7 x 105% (Dex) x 107% (Skill) + 1 (Ench)).
Unknown command.
Unknown command.
Press: ? - help, v - describe, . - travel
Here: a sleepcap The floor.
Okay, then.
Unknown command.
Throw: 5 darts (curare)
Press: ? - help, Shift-Dir - straight line, f/p - hobgoblin
Aim: a hobgoblin (severely wounded, 54% to hit)
Okay, then.
Press: ? - help, v - describe, . - travel
Here: a sleepcap The floor.
Okay, then.
Throw: throwing net
Press: ? - help, Shift-Dir - straight line, f - sleepcap, p - hobgoblin
Aim: a sleepcap (98% to hit)
Okay, then.
Okay, then.
l - a +4 short sword (weapon)
Throw: throwing net
Press: ? - help, Shift-Dir - straight line, f - sleepcap, p - hobgoblin
Aim: a sleepcap (98% to hit)
You throw a throwing net. The throwing net hits the sleepcap.
The sleepcap is caught in the net!
The sleepcap struggles against the net.
Hit: l) +4 short sword
Press: ? - help, Dir - move target, f/p - sleepcap
Aim: a sleepcap (entangled in a net, about 2% to evade your +4 short sword)
You hit the sleepcap.
The sleepcap is lightly damaged.
The sleepcap struggles against the net.
Hit: l) +4 short sword
Press: ? - help, Dir - move target, f/p - sleepcap
Aim: a sleepcap (lightly damaged, entangled in a net, about 2% to evade your +4 short sword)
You hit the sleepcap.
The sleepcap is moderately damaged.
The sleepcap struggles against the net.
Hit: l) +4 short sword
Press: ? - help, Dir - move target, f/p - sleepcap
Aim: a sleepcap (moderately damaged, entangled in a net, about 2% to evade your +4 short sword)
You hit the sleepcap.
The sleepcap is moderately damaged.
The sleepcap struggles against the net.
Hit: l) +4 short sword
Press: ? - help, Dir - move target, f/p - sleepcap
Aim: a sleepcap (moderately damaged, entangled in a net, about 2% to evade your +4 short sword)
You hit the sleepcap but do no damage.
The sleepcap is moderately damaged.
The sleepcap struggles against the net.
The net rips apart, and the sleepcap comes free!
Okay, then.
Okay, then.
Okay, then.
Your movement speed is average.
Your attack delay is about 1.0.
Your damage rating with your +4 short sword is about 9 (Base 5 x 105% (Dex) x 103% (Skill) + 4 (Ench)).
Unknown command.
Press: ? - help, v - describe, . - travel The floor.
Press: ? - help, v - describe, . - travel
Here: a sleepcap (moderately damaged)
The floor.
Unknown command.
Hit: l) +4 short sword
Press: ? - help, Dir - move target, f/p - sleepcap
Aim: a sleepcap (moderately damaged, about 2% to evade your +4 short sword)
You completely miss the sleepcap.
The sleepcap is moderately damaged.
The sleepcap releases spores at you.
Hit: l) +4 short sword
Press: ? - help, Dir - move target, f/p - sleepcap
Aim: a sleepcap (moderately damaged, about 2% to evade your +4 short sword)
You hit the sleepcap.
You tail-slap the sleepcap, but do no damage.
The sleepcap is heavily damaged.
The sleepcap releases spores at you.
You are engulfed in a cloud of soporific spores!
You fall asleep.
The sleepcap releases spores at you!
You wake up.
* * * LOW HITPOINT WARNING * * *
You are engulfed in a cloud of soporific spores!
You are unaffected.
Unknown command.
It was a potion of ambrosia.
You are confused.
You feel invigorated. The sleepcap releases spores at you.
* * * LOW HITPOINT WARNING * * *
You are engulfed in a cloud of soporific spores!
You are unaffected.
You bump into the rock wall.
The sleepcap closely misses you.
You bump into the rock wall.
The sleepcap barely misses you.
You bump into the rock wall.
The sleepcap barely misses you.
You barely miss the sleepcap.
The sleepcap is heavily damaged.
The sleepcap releases spores at you.
You hit the sleepcap.
You tail-slap the sleepcap, but do no damage.
The sleepcap is heavily damaged.
You feel less invigorated.
You feel less confused.
The sleepcap releases spores at you but does no damage.
Aiming: Throw Flame
Press: ? - help, Shift-Dir - straight line, f/p - sleepcap
Aim: a sleepcap (heavily damaged, 100% to hit)
The puff of flame hits the sleepcap.
The sleepcap is severely damaged.
The sleepcap barely misses you.
Aiming: Throw Flame
Press: ? - help, Shift-Dir - straight line, f/p - sleepcap
Aim: a sleepcap (severely damaged, 100% to hit)
The puff of flame hits the sleepcap.
The sleepcap is severely damaged.
The sleepcap releases spores at you.
You are engulfed in a cloud of soporific spores!
You fall asleep.
The sleepcap releases spores at you!
You wake up.
You are engulfed in a cloud of soporific spores!
You are unaffected.
Aiming: Throw Flame
Press: ? - help, Shift-Dir - straight line, f/p - sleepcap
Aim: a sleepcap (severely damaged, 100% to hit)
The puff of flame hits the sleepcap but does no damage.
The sleepcap is severely damaged.
The sleepcap barely misses you.
Aiming: Throw Flame
Press: ? - help, Shift-Dir - straight line, f/p - sleepcap
Aim: a sleepcap (severely damaged, 100% to hit)
The puff of flame hits the sleepcap but does no damage.
The sleepcap is severely damaged.
The sleepcap releases spores at you.
Aiming: Throw Flame
Press: ? - help, Shift-Dir - straight line, f/p - sleepcap
Aim: a sleepcap (severely damaged, 100% to hit)
The puff of flame hits the sleepcap.
The sleepcap is almost destroyed.
The sleepcap barely misses you.
Aiming: Throw Flame
Press: ? - help, Shift-Dir - straight line, f/p - sleepcap
Aim: a sleepcap (almost destroyed, 100% to hit)
The puff of flame hits the sleepcap.
You destroy the sleepcap!
Your Throwing skill increases to level 1!
You hit the hobgoblin.
You kill the hobgoblin!
No target in view!
You see here a hobgoblin corpse.
You hear the slow rusting of a drain nearby.
HP restored.
Found Urocemno's Book Boutique.
Found a stone staircase leading down.
Unknown command.
t - 2 scrolls labelled LANURPH YNNOH (gained 1)
As you read the scroll of identify, it crumbles to dust.
t - 2 scrolls of teleportation
There is an entrance to Urocemno's Book Boutique here.
Unknown command.
There is a stone staircase leading down here.
A kobold comes into view. It is wielding a +0 dagger.
The kobold shouts!
You roll towards the kobold!
A malevolent force fills the Dungeon...
You fall into a shaft and drop 3 floors!
The shaft crumbles and collapses.
Found a scroll labelled VEUVYSKIOZ and a scroll of poison.
s - 2 scrolls labelled VEUVYSKIOZ (gained 1)
An orc comes into view. It is wielding a +0 hand axe.
You see here a scroll of poison.
Found 14 gold pieces.
You now have 115 gold pieces (gained 14).
A centaur comes into view.
A centaur is nearby!
You open the door.
The orc shouts!
An orc comes into view. It is wielding a +0 dagger.
A gnoll comes into view. It is wielding a +0 flail.
You roll towards the gnoll!
A phantom comes into view.
You open the door. 2 gnolls come into view.
The gnoll shouts!
You hear a shout! x2
A bullfrog comes into view.
An orc priest comes into view. It is wielding a +0 dagger.
A gnoll bouda comes into view. It is wielding a +0 club.
An orc warrior comes into view. It is wielding a +0 hand axe.
The bullfrog gives a loud, deep croak!
The gnoll shouts!
Found a scroll of identify.
As you read the scroll of teleportation, it crumbles to dust.
You feel strangely unstable.
The orc warrior shouts!
You hear a shout!
The gnoll misses you.
The orc priest invokes the aid of Beogh against you.
Beogh smites you!
The gnoll bouda barks out a call to the hunt!
The gnolls pick up the pace!
Hit: l) +4 short sword
Press: ? - help, Dir - move target, f - gnoll
Aim: a gnoll, wielding a +0 flail (covering ground quickly, about 31% to evade your +4 short sword)
You closely miss the gnoll. The gnoll hits you with a +0 flail!
* * * LOW HITPOINT WARNING * * *
The orc priest looks satisfied for a moment.
An orc comes into view. It is wielding a +0 mace.
Hit: l) +4 short sword
Press: ? - help, Dir - move target, f/p - gnoll
Aim: a gnoll, wielding a +0 flail (covering ground quickly, about 31% to evade your +4 short sword)
You hit the gnoll.
The gnoll is moderately wounded.
The gnoll hits you from afar with a +0 halberd!
* * * LOW HITPOINT WARNING * * *
The gnoll barely misses you. x2
Hit: l) +4 short sword
Press: ? - help, Dir - move target, f/p - gnoll
Aim: a gnoll, wielding a +0 flail (moderately wounded, covering ground quickly, about 31% to evade your +4 short sword)
You hit the gnoll.
Your tail-slap misses the gnoll.
The gnoll is moderately wounded.
The gnoll hits you from afar with a +0 halberd.
* * * LOW HITPOINT WARNING * * *
The gnoll closely misses you. The gnoll barely misses you.
Hit: l) +4 short sword
Press: ? - help, Dir - move target, f/p - gnoll
Aim: a gnoll, wielding a +0 flail (moderately wounded, covering ground quickly, about 31% to evade your +4 short sword)
You hit the gnoll.
The gnoll is severely wounded.
Your surroundings suddenly seem different.
Found 9 gold pieces, a whip, 2 lumpy orange potions and a blade talisman.
f - 2 lumpy orange potions
Found 20 gold pieces.
You now have 135 gold pieces (gained 20).
Found 19 gold pieces.
You now have 154 gold pieces (gained 19).
You open the door.
Found a chain mail.
There is an open door here.
You see here a +0 chain mail.
Okay, then.
Okay, then.
Unknown command.
Okay, then.
h - a +0 chain mail
There is an empty arch of ancient stone here.
You open the door.
There is an open door here.
HP restored.
You open the door.
There is an open door here.
Found a stone staircase leading up.
The centaur shouts!
The centaur wields a +0 orcbow.
The centaur shoots an arrow.
The arrow hits you.
The centaur shoots an arrow.
The arrow hits you!
The centaur shoots an arrow.
The arrow hits you.
* * * LOW HITPOINT WARNING * * *
There is a stone staircase leading up here.
The centaur shoots an arrow.
The arrow hits you!
* * * LOW HITPOINT WARNING * * *
You climb upwards.
Found 10 gold pieces and a scroll of teleportation.
There is a stone staircase leading down here.
You now have 164 gold pieces (gained 10).
An orc and an orc priest come into view.
Found a club.
The orc shouts!
The orc priest shouts!
You hear a shout! x2
An orc comes into view. It is wielding a +0 short sword.
An ogre comes into view. It is wielding a +0 giant club.
A phantom comes into view.
As you open the door, it creaks loudly!
You hear a shout! x2
You hear a shout!
There is an open door here.
You close the door.
An ogre opens the door.
A gnoll sergeant and a gnoll come into view.
A gnoll comes into view. It is wielding a +0 flail.
As you read the scroll of teleportation, it crumbles to dust.
You feel strangely unstable.
A gnoll comes into view. It is wielding a +0 whip.
The gnoll shouts!
The gnoll sergeant hits you from afar with a +0 trident!
* * * LOW HITPOINT WARNING * * *
A gnoll comes into view.
It is wielding a +1 whip of electrocution.
The ogre attacks as it pursues you! The ogre hits you with a +0 giant club!
You die...

#....#
#####....######
............o>#
.......o#####.# .
........'.o.#.# #.##
........###W#.##.....
.######## #.#.....#
######O#.##.##
......g.@.# #
..........#
.....g....#
..........#
.....g....#
.....g)....
..g.......#.
.........#


You could see an ogre, a phantom, a gnoll sergeant, 4 gnolls and an orc.

Vanquished Creatures
  A sleepcap (D:4)
  An adder (D:2)
  2 ribbon worms
  An orc (D:3)
  7 bats
  4 endoplasms
  4 giant cockroaches
  9 goblins
  4 hobgoblins
  7 jackals
  A quokka (D:3)
  2 ball pythons (D:1)
  3 frilled lizards
  4 kobolds
  6 rats
56 creatures vanquished.

Notes
Turn   | Place    | Note
-------+----------+-------------------------------------------
     0 | D:1      | jagoly the Armataur Hexslinger began the quest for the Orb.
     0 | D:1      | Reached XP level 1. HP: 15/15 MP: 2/2
    45 | D:1      | Reached skill level 1 in Fighting
   198 | D:1      | Reached XP level 2. HP: 23/23 MP: 3/3
  1014 | D:2      | Reached XP level 3. HP: 23/29 MP: 4/4
  1694 | D:3      | Reached skill level 1 in Stealth
  2162 | D:2      | Reached XP level 4. HP: 36/36 MP: 5/5
  2626 | D:4      | Reached skill level 1 in Throwing
  2656 | D:4      | Found Urocemno's Book Boutique.
  2695 | D:4      | You fall into a shaft and drop 3 floors!
  2716 | D:7      | Noticed a centaur
  2746 | D:7      | Noticed a phantom
  2750 | D:7      | Noticed a bullfrog
  2750 | D:7      | Noticed an orc warrior
  2948 | D:6      | Noticed an ogre
  2950 | D:6      | Noticed a phantom
  2958 | D:6      | Noticed a gnoll sergeant
  2960 | D:6      | HP: 1/36 [gnoll sergeant/+0 trident (12)]
  2961 | D:6      | Demolished by an ogre

Illustrated notes

Levels and vault maps discovered:
D:1:      psy_arrival_radial01, layout_loops_cross
D:2:      layout_basic
D:3:      layout_rooms
D:4:      layout_basic, serial_shops, shop,
          mainiacjoe_sewer_entry_somewhere_in_here_1, serial_bayou_pond_d,
          dk_rats_in_the_wall
D:6:      minmay_chambers_of_sixes, layout_basic, minmay_fire_ice_demons,
          uniq_jeremiah
D:7:      layout_basic, minmay_temple_entry_glass, kennysheep_flooded_box

Skill      XL: |  1  2  3  4 |
---------------+-------------+-----
Fighting       | 1 2 |  2.2
Ranged Weapons | 2 |  2.0
Dodging        | 2 |  2.0
Stealth        | 2 |  2.0
Throwing       | 1 |  1.2
Spellcasting   | |  1.0
Hexes          | |  2.6
Fire Magic     | |  0.8

Action                     |  1- 3 |  4- 6 || total
---------------------------+-------+-------++-------
  Melee: Short sword       |       |    13 ||    13
         Tailslap          |       |     2 ||     2
   Fire: Sling             |   174 |    42 ||   216
  Throw: Throwing net      |       |     1 ||     1
  Evoke: Wand              |       |     6 ||     6
    Use: Scroll            |       |     7 ||     7
         Potion            |       |     1 ||     1
 Armour: Robe              |    62 |    36 ||    98
  Dodge: Dodged            |    61 |    29 ||    90
